 Dungeon Crawl Stone Soup version 0.30.1-9-gdf580d7c3d (webtiles) character file.

Game seed: 12722794519610137786

54 KittyFluff the Chopper (level 3, -1/33 HPs)
             Began as a Minotaur Berserker on Oct 13, 2023.
             Was a Believer of Trog.
             Slain by a goblin
             ... wielding a +0 club
             ... led by Robin
              (3 damage)
             ... on level 2 of the Dungeon.
             The game lasted 00:03:12 (804 turns).

KittyFluff the Chopper (Minotaur Berserker)          Turns: 804, Time: 00:03:13

Health: -1/33      AC:  2    Str: 23    XL:     3   Next: 66%
Magic:  2/2        EV: 11    Int:  4    God:    Trog [**....]
Gold:   69         SH:  2    Dex:  9    Spells: 2/2 levels left

rFire   . . .        a - +0 hand axe
rCold   . . .        e - +0 buckler
rNeg    . . .        b - +0 animal skin
rPois   .            (helmet restricted)
rElec   .            (no cloak)
rCorr   .            (no gloves)
SInv    .            (no boots)
Will    .....        (no amulet)
Stlth   +            (no ring)
HPRegen 0.25/turn    (no ring)
MPRegen 0.08/turn

%: no passive effects
@: no status effects
A: horns 2, retaliatory headbutt
a: Renounce Religion, Berserk, Trog's Hand


You were on level 2 of the Dungeon.
You worshipped Trog.
Trog was pleased with you.
You visited 1 branch of the dungeon, and saw 2 of its levels.

You collected 69 gold pieces.

Inventory:

Hand Weapons
 a - a +0 hand axe (weapon)
Armour
 b - a +0 animal skin (worn)
 e - a +0 buckler (worn)
Scrolls
 c - 4 scrolls of identify {unknown}
 d - a scroll of blinking {unknown}
 f - 2 scrolls of teleportation {unknown}
 h - a scroll of poison {unknown}
 i - a scroll of fog {unknown}
 j - a scroll of brand weapon {unknown}


   Skills:
 + Level 4.0 Fighting
 * Level 4.3 Axes
 * Level 3.5 Armour
 + Level 2.6 Dodging


You had 2 spell levels left.
You didn't know any spells.
Your spell library was empty.

Dungeon Overview and Level Annotations

Branches:
Dungeon (2/15)

Altars:

Annotations:
D:2 Robin


Innate Abilities, Weirdness & Mutations

You have a pair of horns on your head.
You reflexively headbutt those who attack you in melee.


Message History

The goblin hits you with a +0 club.
You slash the hobgoblin!
You kill the hobgoblin!
Trog accepts your kill.
You barely miss the goblin. The goblin hits you with a +0 club.
You barely miss the goblin. Your headbutt misses the goblin.
You closely miss the goblin. The goblin hits you with a +0 club.
The goblin barely misses you. The goblin hits you but does no damage.
The goblin misses you.
You completely miss the goblin. You closely miss the goblin.
The goblin hits you with a +0 club. x2
You closely miss the goblin. Your headbutt misses the goblin.
You hit the goblin. The goblin hits you with a +0 club. x2
You slash the goblin!
You kill the goblin!
Trog accepts your kill.
You barely miss the goblin. The goblin barely misses you.
Robin throws the goblin at you! The goblin hits you but does no damage.
You barely miss the goblin. x2
The goblin no longer looks unusually strong.
The goblin hits you with a +0 club.
* * * LOW HITPOINT WARNING * * *
Robin roars a battlecry!
The goblin goes into a battle-frenzy!
The goblin hits you with a +0 dagger.
* * * LOW HITPOINT WARNING * * *
It was a potion of cancellation.
You feel magically purged.
The goblin no longer looks unusually strong.
The goblin hits you but does no damage.
Robin roars a battlecry!
The goblin goes into a battle-frenzy!
The goblin closely misses you.
You barely miss the goblin.
The goblin is moderately wounded.
You barely miss the goblin. The goblin closely misses you.
The goblin hits you but does no damage.
You hit the goblin but do no damage. Your headbutt misses the goblin.
The goblin is moderately wounded.
You hit the goblin. The goblin hits you with a +0 club.
You die...

... ... ... #.# #.# #g# #g#
#@# #g# #.# ##########.#
#######..........#
..†.....###.###.)##########
#######.###.###............
# #.......†.......#########
# #.###.###.##.....#


You could see Robin and 2 goblins.

Vanquished Creatures
  2 gnolls (D:1)
  4 bats
  A giant cockroach (D:1)
  9 goblins
  5 hobgoblins
  2 kobolds (D:1)
  A quokka (D:1)
  3 ball pythons
  8 rats
35 creatures vanquished.

Notes
Turn   | Place    | Note
-------+----------+-------------------------------------------
     0 | D:1      | KittyFluff the Minotaur Berserker began the quest for the
                  | Orb.
     0 | D:1      | Reached XP level 1. HP: 19/19 MP: 0/0
   242 | D:1      | Reached XP level 2. HP: 21/27 MP: 1/1
   422 | D:1      | Reached ** piety under Trog
   428 | D:1      | Reached XP level 3. HP: 11/33 MP: 2/2
   785 | D:2      | Noticed Robin
   801 | D:2      | HP: 1/33 [goblin/+0 dagger[Robin] (5)]
   804 | D:2      | Slain by a goblin

Illustrated notes

Levels and vault maps discovered:
D:1:      dpeg_arrival_rooms_c, layout_rooms
D:2:      layout_loops_corners, kennysheep_cluttered_room, uniq_terence,
          uniq_robin, uniq_jessica

Skill      XL: |  1  2 |
---------------+-------+-----
Axes           | 4 |  4.3
Armour         | 3 |  3.5
Fighting       | 4 |  4.0
Dodging        | |  2.6

Action                     || total
---------------------------++-------
  Melee: Hand axe          ||    77
         Headbutt          ||     2
    Use: Potion            ||     1
 Armour: Animal skin       ||    23
  Dodge: Dodged            ||    45
  Block: Buckler           ||     3
